 Dungeon Crawl Stone Soup version 0.28.0-43-g3370ac3207 (webtiles) character file.

Game seed: 10525542090453542460

210 nickcage the Cudgeller (level 5, -4/32 HPs)
             Began as a Gargoyle Monk on Mar 28, 2022.
             Slain by a worm (8 damage)
             ... in a sewer.
             The game lasted 00:05:06 (2204 turns).

nickcage the Cudgeller (Gargoyle Monk)              Turns: 2204, Time: 00:05:06

Health: -4/32      AC: 10    Str: 17    XL:     5   Next: 87%
Magic:  5/5        EV: 11    Int: 10    God:
Gold:   84         SH:  0    Dex: 12    Spells: 4/4 levels left

rFire   . . .      SeeInvis .   a - +0 mace
rCold   . . .      Faith    .   (no shield)
rNeg    + . .      Spirit   .   h - +0 ring mail
rPois   ∞          Reflect  .   (no helmet)
rElec   +          Harm     .   (no cloak)
rCorr   .          Rampage  .   e - +0 pair of gloves
Will    .....                   (no boots)
Stlth   +.........              (no amulet)
HPRegen 0.10/turn               (no ring)
MPRegen 0.09/turn               (no ring)

@: no status effects
A: sickness immunity, AC +4, negative energy resistance 1, electricity
resistance, torment resistance 1, petrification resistance
a: no special abilities


You were in a sewer.
You visited 1 branch of the dungeon, and saw 3 of its levels.
You also visited: Sewer.

You collected 84 gold pieces.

Inventory:

Hand Weapons
 a - a +0 mace (weapon)
Missiles
 l - 3 poisoned darts (quivered)
Armour
 b - a +0 robe
 e - a +0 pair of gloves (worn)
 g - a +0 leather armour
 h - a +0 ring mail (worn)
Scrolls
 c - a scroll of identify
 f - a scroll of blinking {unknown}
 i - a scroll of teleportation {unknown}
 k - a scroll of vulnerability {unknown}
Potions
 d - a potion of might
 j - a potion of degeneration {unknown}


   Skills:
 - Level 3.2 Fighting
 + Level 6.3 Maces & Flails
 - Level 2.4 Dodging
 - Level 2.1 Stealth


You had 4 spell levels left.
You didn't know any spells.
Your spell library contained the following spells:

 Spells                   Type           Power      Damage    Failure   Level
 Animate Skeleton         Necr           0%         N/A       56%         1
 Apportation              Tloc           0%         N/A       56%         1
 Pain                     Necr           0%         1d4       56%         1
 Vampiric Draining        Necr           0%         2d6       91%         3
 Alistair's Intoxication  Tmut/Pois      0%         N/A       100%        5


Dungeon Overview and Level Annotations

Branches:
Dungeon (4/15)              Sewer (1/1)
 Temple: D:4-7

Altars:


Innate Abilities, Weirdness & Mutations

You are immune to sickness and miasma.
Your stone body is resilient. (AC +4)
You are immune to poison.
You resist negative energy. (rN+)
You are resistant to electric shocks. (rElec)
You are resistant to unholy torment.
You are immune to petrification.


Message History

The kobold brigand is severely wounded.
The kobold brigand barely misses you.
You barely miss the kobold brigand.
The kobold brigand is severely wounded.
The worm bites you but does no damage.
The kobold brigand hits you with a +0 dagger!
You closely miss the kobold brigand.
The kobold brigand is severely wounded.
The kobold brigand closely misses you. The worm bites you.
* * * LOW HITPOINT WARNING * * *
You hit the kobold brigand.
The kobold brigand is almost dead.
The kobold brigand hits you but does no damage.
You completely miss the kobold brigand.
The kobold brigand is almost dead.
The kobold brigand hits you but does no damage.
The worm splashes around in the water.
You barely miss the kobold brigand.
The kobold brigand is almost dead.
The kobold brigand splashes around in the water.
The worm closely misses you.
You closely miss the kobold brigand.
The kobold brigand is almost dead.
The kobold brigand splashes around in the water.
You hit the kobold brigand.
The kobold brigand is almost dead.
The kobold brigand splashes around in the water.
The worm splashes around in the water.
You sock the kobold brigand!
You kill the kobold brigand!
You hear a splash. x2
The worm bites you.
* * * LOW HITPOINT WARNING * * *
Your Maces & Flails skill increases to level 6!
You thump the worm!
The worm is heavily wounded.
You hit the worm but do no damage.
The worm is heavily wounded.
The worm bites you!
You die...

#≈#≈#≈#≈# #≈#≈#≈
w# #≈#≈#≈#≈#
#≈#≈#K ≈#
#)#≈#≈#≈#
#≈#≈#≈#≈
#≈≈≈#≈≈≈#
#≈†.#≈≈≈
##.###.##
##)###.# #.# #≈#
#≈# #≈# #.###≈#
#.###≈# #≈≈≈≈.#
#.≈)≈.# ##≈≈≈##
##@w≈## #..≈#
#.≈.# #.≈≈# #≈≈≈#
#...## ##.≈≈#
#.≈≈.## ##..≈≈#
#.≈≈≈.#####...≈≈#
##..≈..≈≈≈≈≈.≈.##
###..≈≈≈≈≈.≈###
##≈..≈≈.≈##


You could see a worm.

Vanquished Creatures
  2 kobold brigands (Sewer)
  2 adders (D:2)
  A river rat (Sewer)
  A worm (Sewer)
  3 dart slugs
  An orc (D:2)
  An endoplasm (Sewer)
  4 giant cockroaches
  2 goblins
  4 jackals (D:1)
  3 quokkas (D:4)
  3 ball pythons
  3 bats
  A frilled lizard (D:1)
  5 kobolds
  5 rats
41 creatures vanquished.

Vanquished Creatures (others)
  2 plants (D:2)
2 creatures vanquished.

Grand Total: 43 creatures vanquished

Notes
Turn   | Place    | Note
-------+----------+-------------------------------------------
     0 | D:1      | nickcage the Gargoyle Monk began the quest for the Orb.
     0 | D:1      | Reached XP level 1. HP: 14/14 MP: 1/1
    76 | D:1      | Found a faded altar of an unknown god.
   380 | D:1      | Reached XP level 2. HP: 14/19 MP: 2/2
  1248 | D:2      | Reached skill level 4 in Maces & Flails
  1248 | D:2      | Reached XP level 3. HP: 16/23 MP: 3/3
  1686 | D:2      | You fall into a shaft and drop 2 floors!
  1724 | D:4      | Found a glowing drain.
  1732 | D:4      | Reached XP level 4. HP: 28/28 MP: 4/4
  1750 | Sewer    | Entered a sewer
  1856 | Sewer    | Noticed a kobold brigand
  1871 | Sewer    | Killed a kobold brigand
  1872 | Sewer    | Reached skill level 5 in Maces & Flails
  1872 | Sewer    | Reached XP level 5. HP: 15/32 MP: 5/5
  2168 | Sewer    | Noticed a kobold brigand
  2202 | Sewer    | Killed a kobold brigand
  2203 | Sewer    | Reached skill level 6 in Maces & Flails
  2204 | Sewer    | Slain by a worm

Illustrated notes

Levels and vault maps discovered:
D:1:      co_arrival_square_in_a_square_in_a_square, layout_basic,
          nicolae_ecumenical_snake_handling, minmay_tetromino_t2
D:2:      layout_loops_ring, st_stairs_11, serial_bayou_pond_e,
          wad_floor_pattern_1, small_statue_intersection,
          guppyfry_early_lair_pool
D:4:      kennysheep_kobold_camp, layout_basic, gup_sewer_entry_pipe,
          supply_closet_lemuel, kennysheep_generic_room_14, uniq_sigmund
Sewer:    sewer_co_tree

Skill      XL: |  1  2  3  4  5 |
---------------+----------------+-----
Maces & Flails | 4 5 6 |  6.3
Fighting       | |  3.2
Dodging        | |  2.4
Stealth        | |  2.1

Action                   |  1- 3 |  4- 6 || total
-------------------------+-------+-------++-------
Melee: Mace              |   116 |    67 ||   183
       Punch             |     2 |     1 ||     3
  Use: Scroll            |     1 |       ||     1
       Potion            |       |     1 ||     1
 Stab: Sleeping          |     1 |       ||     1
Armor: Ring mail         |    50 |    17 ||    67
Dodge: Dodged            |    70 |    29 ||    99
